 Dungeon Crawl Stone Soup version 0.23.0 (webtiles) character file.

Game seed: 6269071789369153568

31 tidbits the Charmwright (level 3, -1/31 HPs)
             Began as a Gnoll Skald on Feb 15, 2019.
             Slain by an adder (3 damage)
             ... on level 2 of the Dungeon.
             The game lasted 00:02:39 (329 turns).

tidbits the Charmwright (Gnoll Skald)                Turns: 329, Time: 00:02:41

Health: -1/31      AC:  3    Str: 13    XL:     3   Next: 22%
Magic:  3/9        EV: 14    Int: 16    God:
Gold:   37         SH:  0    Dex: 14    Spells: 1/12 levels left

rFire    . . .     SeeInvis .   a - +0 spear
rCold    . . .     Gourm    .   (no shield)
rNeg     . . .     Faith    .   b - +0 leather armour
rPois    .         Spirit   .   (no helmet)
rElec    .         Reflect  .   (no cloak)
rCorr    .         Harm     .   (no gloves)
MR       .....                  (no boots)
Stlth    +.........             (no amulet)
HPRegen  0.10/turn              (no ring)
MPRegen  0.11/turn              (no ring)

@: lethally poisoned (-1 -> -3)
A: distributed training, fangs 1, strong nose
a: no special abilities


You were on level 2 of the Dungeon.
You were not hungry.

You visited 1 branch of the dungeon, and saw 2 of its levels.

You collected 37 gold pieces.

Inventory:

Hand Weapons
 a - a +0 spear (weapon)
 j - a +2 hand axe of draining
   (You found it on level 2 of the Dungeon)
Armour
 b - a +0 leather armour (worn)
 h - a +0 ring mail
Scrolls
 c - 3 scrolls of magic mapping {unknown}
 e - 3 scrolls of immolation {unknown}
 f - a scroll of identify {unknown}
 g - a scroll of teleportation {unknown}
 k - a scroll of fog {unknown}
Comestibles
 d - a ration


   Skills:
 + Level 4.5 Fighting
 + Level 0.6 Short Blades
 + Level 0.6 Long Blades
 + Level 0.6 Axes
 + Level 0.6 Maces & Flails
 + Level 4.5 Polearms
 + Level 0.6 Staves
 + Level 0.6 Slings
 + Level 0.6 Bows
 + Level 0.6 Crossbows
 + Level 0.6 Throwing
 + Level 2.5 Armour
 + Level 4.5 Dodging
 + Level 0.6 Stealth
 + Level 0.6 Shields
 + Level 0.6 Unarmed Combat
 + Level 5.0 Spellcasting
 + Level 0.4 Conjurations
 + Level 0.4 Hexes
 + Level 5.4 Charms
 + Level 0.4 Summonings
 + Level 0.4 Necromancy
 + Level 0.4 Translocations
 + Level 0.4 Transmutations
 + Level 0.4 Fire Magic
 + Level 0.4 Ice Magic
 + Level 0.4 Air Magic
 + Level 0.4 Earth Magic
 + Level 0.4 Poison Magic
 + Level 0.8 Invocations
 + Level 0.6 Evocations


You had one spell level left.
You knew the following spells:

 Your Spells              Type           Power        Failure   Level  Hunger
g - Shroud of Golubria    Chrm/Tloc      ##........   9%          2    #......
i - Infusion              Chrm           ###.         2%          1    None
r - Regeneration          Chrm/Necr      ##........   17%         3    ###....
w - Spectral Weapon       Hex/Chrm       ##......     17%         3    ###....
y - Song of Slaying       Chrm           ###.....     3%          2    #......

Your spell library contained the following spells:

 Spells                   Type           Power        Failure   Level  Hunger


Dungeon Overview and Level Annotations

Branches:
Dungeon (2/15)

Altars:


Innate Abilities, Weirdness & Mutations

Your experience applies equally to all skills.
You have very sharp teeth.
Your uncanny sense of smell can sniff out nearby items.


Message History

You hit the dart slug!
The dart slug is almost dead.
Attack whom?
Press: ? - help, Dir - move target cursor, f/p - dart slug
Aim: a dart slug (almost dead, clinging)
You reach to attack!
You hit the dart slug.
You kill the dart slug!
Your Spellcasting skill increases to level 5!
A goblin comes into view. It is wielding a +0 club.
The goblin shouts!
You hear a shout! x2
The goblin moves out of view.
You are no longer magically infusing your attacks.
You see here a metallic puce potion.
Unknown command.
It was a potion of brilliance.
You feel clever all of a sudden.
A hobgoblin comes into view. It is wielding a +0 club.
The hobgoblin shouts!
You hear an angry hiss.
A frilled lizard comes into view.
A rat comes into view.
The hobgoblin moves out of view.
You see here a dart slug corpse.
Unknown command.
You closely miss the goblin. The goblin closely misses you.
You hit the goblin.
You kill the goblin!
Found a scroll labeled ITWUCA UBBUPH.
Casting: Infusion (safe; 1% risk of failure)
Confirm with . or Enter, or press ? or * to list all spells.
You draw out your weapon's spirit!
Attack whom?
Press: ? - help, Dir - move target cursor, f - hobgoblin
Aim: a hobgoblin, wielding a +0 club You reach to attack!
You hit the hobgoblin but do no damage.
Attack whom?
Press: ? - help, Dir - move target cursor, f/p - hobgoblin
Aim: a hobgoblin, wielding a +0 club You reach to attack!
You hit the hobgoblin.
The hobgoblin is severely wounded.
Your spectral weapon barely misses the hobgoblin.
You barely miss the hobgoblin.
The hobgoblin is severely wounded.
Your spectral weapon hits the hobgoblin.
You kill the hobgoblin!
Attack whom?
Press: ? - help, Dir - move target cursor, f - frilled lizard
Aim: a frilled lizard You reach to attack!
You closely miss the frilled lizard.
Your spectral weapon misses the frilled lizard.
You closely miss the frilled lizard.
Your spectral weapon closely misses the frilled lizard.
The frilled lizard barely misses you.
You barely miss the frilled lizard.
Your spectral weapon hits the frilled lizard.
The frilled lizard misses your spectral weapon.
You catch the helpless frilled lizard completely off-guard!
You hit the frilled lizard.
You kill the frilled lizard!
Things that are here:
a +0 club; a hobgoblin corpse You see here a scroll labeled ITWUCA UBBUPH.
k - a scroll labeled ITWUCA UBBUPH An adder comes into view.
Found a scroll labeled QUKKIS CURIOW.
Attack whom?
Press: ? - help, Dir - move target cursor, f - adder
Aim: an adder (resting)
You reach to attack!
The helpless adder fails to defend itself.
You hit the adder.
The adder is lightly wounded.
Your spectral weapon barely misses the adder.
You closely miss the adder.
The adder is lightly wounded.
Your spectral weapon hits the adder.
The adder misses you.
You barely miss the adder.
The adder is heavily wounded.
Your spectral weapon closely misses the adder.
The adder bites you.
* * * LOW HITPOINT WARNING * * *
The adder bites you.
* * * LOW HITPOINT WARNING * * *
You barely miss the adder.
The adder is heavily wounded.
Your spectral weapon barely misses the adder.
The adder misses you.
You hit the adder.
The adder is almost dead.
Your spectral weapon barely misses the adder.
The adder bites you.
* * * LOW HITPOINT WARNING * * *
You are lethally poisoned!
The adder poisons you!
It was a potion of cancellation.
Your magical effects are unravelling.
You feel magically purged.
You feel a little less clever now.
* * * LOW HITPOINT WARNING * * *
You feel sick. The adder bites you.
You die...

#..#### #.# ...
#... .. #.# ..
#.## #. #.# . #.
###.##.###### ∆
..##.............
#.........#######
.###.#.#..# #
#.#..########
#.#..@S......
#.##..(...... #.
########## #. #?


You could see an adder and a friendly spectral +0 spear.

Vanquished Creatures
  An adder (D:2)
  A worm (D:2)
  A dart slug (D:2)
  2 bats
  2 goblins (D:2)
  2 hobgoblins (D:2)
  3 jackals (D:1)
  A ball python (D:2)
  4 frilled lizards
17 creatures vanquished.

Notes
Turn   | Place    | Note
-------+----------+-------------------------------------------
     0 | D:1      | tidbits the Gnoll Skald began the quest for the Orb.
     0 | D:1      | Reached XP level 1. HP: 20/20 MP: 6/6
   192 | D:2      | Reached XP level 2. HP: 26/26 MP: 7/7
   196 | D:2      | Learned a level 2 spell: Song of Slaying
   199 | D:2      | Learned a level 2 spell: Shroud of Golubria
   271 | D:2      | HP: 5/26 [worm (9)]
   273 | D:2      | Reached XP level 3. HP: 6/31 MP: 2/9
   278 | D:2      | Learned a level 3 spell: Regeneration
   282 | D:2      | Learned a level 3 spell: Spectral Weapon
   286 | D:2      | Reached skill level 5 in Spellcasting
   326 | D:2      | HP: 6/31 [adder (1)]
   329 | D:2      | HP: 2/31 [poisoned by an adder]
   329 | D:2      | Slain by an adder

Skill      XL: |  1  2  3 |
---------------+----------+-----
Spellcasting   | 5 |  5.0
Fighting       | |  4.5
Short Blades   | |  0.6
Long Blades    | |  0.6
Axes           | |  0.6
Maces & Flails | |  0.6
Polearms       | |  4.5
Staves         | |  0.6
Slings         | |  0.6
Bows           | |  0.6
Crossbows      | |  0.6
Throwing       | |  0.6
Armour         | |  2.5
Dodging        | |  4.5
Stealth        | |  0.6
Shields        | |  0.6
Unarmed Combat | |  0.6
Conjurations   | |  0.4
Hexes          | |  0.4
Charms         | |  5.4
Summonings     | |  0.4
Necromancy     | |  0.4
Translocations | |  0.4
Transmutations | |  0.4
Fire Magic     | |  0.4
Ice Magic      | |  0.4
Air Magic      | |  0.4
Earth Magic    | |  0.4
Poison Magic   | |  0.4
Invocations    | |  0.8
Evocations     | |  0.6

Action                   || total
-------------------------++-------
Melee: Spear             ||    56
       Bite              ||     3
 Cast: Infusion          ||     4
       Spectral Weapon   ||     1
  Use: Potion            ||     2
 Stab: Sleeping          ||     4
       Distracted        ||     1
Armor: Leather armour    ||     6
Dodge: Dodged            ||    16

Table legend:
 A = Turns spent in this place as a percentage of turns spent in the entire game.
 B = Non-inter-level travel turns spent in this place as a percentage of non-inter-level travel turns spent in the entire game.
 C = Inter-level travel turns spent in this place as a percentage of turns spent in this place.
 D = Turns resting spent in this place as a percentage of non-inter-level travel turns spent in this place.
 E = Turns spent auto-exploring this place as a percentage of non-inter-level travel turns spent in this place.
 F = Non-inter-level travel turns spent in this place divided by the number of levels of this place that you've seen.
                   A       B       C       D       E      F
               +-------+-------+-------+-------+-------+----------------------
         Total | 100.0 | 100.0 |   0.0 |   0.0 |   0.0 | 164.5
       Dungeon | 100.0 | 100.0 |   0.0 |   0.0 |   0.0 | 164.5
               +-------+-------+-------+-------+-------+----------------------

Table legend:
 A = Kills in this place as a percentage of kills in entire the game.
 B = Kills by you in this place as a percentage of kills by you in the entire game.
 C = Kills by friends in this place as a percentage of kills by friends in the entire game.
 D = Other kills in this place as a percentage of other kills in the entire game.
 E = Experience gained in this place as a percentage of experience gained in the entire game.
 F = Experience gained in this place divided by the number of levels of this place that you have seen.
                   A       B       C       D       E      F
               +-------+-------+-------+-------+-------+----------------------
         Total | 100.0 | 100.0 |   N/A |   N/A | 100.0 |  22.5
       Dungeon | 100.0 | 100.0 |   N/A |   N/A | 100.0 |  22.5
               +-------+-------+-------+-------+-------+----------------------

Levels and vault maps discovered:
D:1:      wander_arrival_chamber, layout_basic
D:2:      layout_loops_ring, minmay_misc_feat_tiny, serial_bayou_pond_e
